 Dungeon Crawl Stone Soup version 0.28.0-49-g6dfe1f597d (webtiles) character file.

Game seed: 7471568798147703826

60 Zeld the Digger (level 4, -2/25 HPs)
             Began as a Gargoyle Earth Elementalist on May 15, 2022.
             Slain by an orc
             ... wielding a +0 flail
              (4 damage)
             ... on level 3 of the Dungeon.
             The game lasted 00:01:52 (1935 turns).

Zeld the Digger (Gargoyle Earth Elementalist)       Turns: 1935, Time: 00:01:52

Health: -2/25      AC:  5    Str: 11    XL:     4   Next: 4%
Magic:  7/7        EV: 12    Int: 18    God:
Gold:   69         SH:  0    Dex: 10    Spells: 2/8 levels left

rFire   . . .      SeeInvis .   a - +0 mace
rCold   . . .      Faith    .   (no shield)
rNeg    + . .      Spirit   .   b - +0 robe
rPois   ∞          Reflect  .   (no helmet)
rElec   +          Harm     .   (no cloak)
rCorr   .          Rampage  .   (no gloves)
Will    .....                   (no boots)
Stlth   ++........              (no amulet)
HPRegen 0.08/turn               (no ring)
MPRegen 0.10/turn               (no ring)

@: no status effects
A: sickness immunity, AC +3, negative energy resistance 1, electricity
resistance, torment resistance 1, petrification resistance
a: no special abilities


You were on level 3 of the Dungeon.
You visited 1 branch of the dungeon, and saw 3 of its levels.

You collected 69 gold pieces.

Inventory:

Hand Weapons
 a - a +0 mace (weapon)
Missiles
 i - 26 stones
Armour
 b - a +0 robe (worn)
Scrolls
 c - a scroll of fear {unknown}
 d - a scroll of immolation {unknown}
 e - 3 scrolls of identify {unknown}
 g - a scroll of enchant weapon {unknown}
 k - a scroll of teleportation {unknown}
Potions
 f - a potion of curing {unknown}
 h - a potion of berserk rage {unknown}
 j - a potion of might {unknown}


   Skills:
 * Level 1.4 Fighting
 * Level 1.4 Armour
 + Level 1.8 Dodging
 + Level 2.5 Stealth
 * Level 2.5 Spellcasting
 - Level 1.0 Transmutations
 * Level 4.0 Earth Magic


You had 2 spell levels left.
You knew the following spells:

 Your Spells              Type           Power      Damage    Failure   Level
a - Sandblast             Erth           32%        2d9       3%          1
b - Passwall              Tmut/Erth      9%         N/A       10%         2
c - Stone Arrow           Conj/Erth      18%        3d8       22%         3

Your spell library contained the following spells:

 Spells                   Type           Power      Damage    Failure   Level
 Petrify                  Tmut/Erth      11%        N/A       52%         4


Dungeon Overview and Level Annotations

Branches:
Dungeon (3/15)

Altars:
Cheibriados


Innate Abilities, Weirdness & Mutations

You are immune to sickness and miasma.
Your stone body is resilient. (AC +3)
You are immune to poison.
You resist negative energy. (rN+)
You are resistant to electric shocks. (rElec)
You are resistant to unholy torment.
You are immune to petrification.


Message History

No target in view!
No target in view!
Done exploring.
No target in view!
Done exploring.
There is a stone staircase leading down here.
You climb downwards.
Found a dagger.
There is a stone staircase leading up here.
An endoplasm comes into view.
An endoplasm is nearby!
An endoplasm is nearby!
An orc comes into view. It is wielding a +0 flail.
The orc shouts!
The endoplasm quivers.
You hit the endoplasm.
The endoplasm is heavily wounded.
The endoplasm hits you.
You hit the endoplasm.
You kill the endoplasm!
Found a snail-covered altar of Cheibriados.
The orc completely misses you.
You closely miss the orc. The orc hits you with a +0 flail.
The orc closely misses you.
An orc is nearby!
You barely miss the orc. The orc hits you with a +0 flail!
An orc is nearby!
You are too injured to fight recklessly!
An orc is nearby!
You are too injured to fight recklessly!
An orc is nearby!
You are too injured to fight recklessly!
You closely miss the orc. The orc hits you with a +0 flail!
* * * LOW HITPOINT WARNING * * *
The orc hits you with a +0 flail.
* * * LOW HITPOINT WARNING * * *
You hit the orc.
The orc is almost dead.
The orc hits you with a +0 flail.
You die...

._.#.≈. ...#.≈.
.. .###.§.. ..
.....≈.# #. #.
§≈≈.≈§.. . ..
.).....# .#.#
#..#.#o##...##.
..##...@.......
#.##......#..#.
#.##......#
#.##......#
##.##......#
#<...........#
##.##.#.######
#.##.#...
#.##.#.###


You could see an orc.

Vanquished Creatures
  2 adders (D:2)
  A dart slug (D:1)
  7 ball pythons
  4 endoplasms
  3 goblins (D:1)
  3 hobgoblins (D:1)
  2 jackals (D:1)
  2 quokkas (D:2)
  3 bats
  A frilled lizard (D:1)
  5 kobolds
  3 rats
36 creatures vanquished.

Notes
Turn   | Place    | Note
-------+----------+-------------------------------------------
     0 | D:1      | Zeld the Gargoyle Earth Elementalist began the quest for
                  | the Orb.
     0 | D:1      | Reached XP level 1. HP: 10/10 MP: 3/3
   332 | D:1      | Reached XP level 2. HP: 15/15 MP: 1/5
   336 | D:1      | Learned a level 2 spell: Passwall
   518 | D:1      | Reached skill level 1 in Armour
   705 | D:1      | Found a faded altar of an unknown god.
   784 | D:1      | Reached skill level 1 in Fighting
   784 | D:1      | Reached skill level 1 in Transmutations
  1044 | D:1      | Reached XP level 3. HP: 20/20 MP: 4/6
  1049 | D:1      | Learned a level 3 spell: Stone Arrow
  1546 | D:2      | Reached skill level 4 in Earth Magic
  1850 | D:2      | Reached XP level 4. HP: 25/25 MP: 7/7
  1931 | D:3      | Found a snail-covered altar of Cheibriados.
  1935 | D:3      | Slain by an orc

Illustrated notes

Levels and vault maps discovered:
D:1:      dpeg_arrival_rooms_a, layout_loops_corners, basic_ecumenical_altar
D:2:      layout_rooms, nicolae_underground_beach
D:3:      minmay_razor_zed, layout_basic, mainiacjoe_overflow_brackets,
          uniq_natasha, uniq_grinder, uniq_ijyb

Skill      XL: |  1  2  3 |
---------------+----------+-----
Armour         | 1 |  1.4
Fighting       | 1 |  1.4
Transmutations | 1 |  1.0
Earth Magic    | 4 |  4.0
Dodging        | |  1.8
Stealth        | |  2.5
Spellcasting   | |  2.5

Action                   |  1- 3 |  4- 6 || total
-------------------------+-------+-------++-------
Melee: Unarmed           |    12 |       ||    12
       Mace              |    28 |     7 ||    35
       Punch             |     1 |       ||     1
 Cast: Sandblast         |    35 |       ||    35
 Stab: Sleeping          |     3 |       ||     3
Armor: Robe              |    20 |       ||    20
Dodge: Dodged            |    53 |     2 ||    55
